 Dungeon Crawl Stone Soup version 0.31-a0-234-gad7ace16ef (webtiles) character file.

Game seed: 4234973240386934461

1493 Nattfarinn the Skirmisher (level 8, -5/47 (49) HPs)
             Began as a Deep Elf Hexslinger on July 10, 2023.
             Slain by a sky beast (6 damage)
             ... on level 6 of the Dungeon.
             The game lasted 00:18:08 (6164 turns).

Nattfarinn the Skirmisher (Deep Elf Hexslinger)     Turns: 6164, Time: 00:18:09

HP:   -5/47 (49)    AC:  5    Str:  7    XL:     8   Next: 51%
MP:   12/12         EV: 13    Int: 19    God:
Gold: 275           SH:  0    Dex: 17    Spells: 9/10 levels left

rFire   . . .        a - +2 whip (elec)
rCold   . . .        (no shield)
rNeg    . . .        c - +0 robe
rPois   .            r - +1 helmet
rElec   .            (no cloak)
rCorr   .            (no gloves)
SInv    +            x - +0 pair of boots
Will    .....        (no amulet)
Stlth   ++           i - ring of see invisible
HPRegen 0.27/turn    (no ring)
MPRegen 0.13/turn

%: no passive effects
@: lightly drained
A: no striking features
a: no special abilities


You were on level 6 of the Dungeon.
You visited 1 branch of the dungeon, and saw 6 of its levels.
You also visited: Sewer.

You collected 275 gold pieces.

Inventory:

Hand Weapons
 a - a +2 whip of electrocution (weapon)
 b - a +0 arbalest
 w - a +1 sling
Armour
 c - a +0 robe (worn)
 r - a +1 helmet (worn)
 x - a +0 pair of boots (worn)
Jewellery
 f - a ring of fire
 i - a ring of see invisible (left hand)
Wands
 v - a wand of digging (2)
Scrolls
 d - a scroll of amnesia
 j - a scroll of vulnerability
 o - a scroll of teleportation
 p - 2 scrolls of poison
Potions
 e - a potion of brilliance
 g - a potion of degeneration
 k - a potion of lignification {unknown}
 l - 2 potions of haste
 m - 2 potions of magic {unknown}
 n - a potion of mutation {unknown}
 q - 2 potions of might
 t - a potion of enlightenment {unknown}


   Skills:
 + Level 5.0 Fighting
 - Level 11.0 Ranged Weapons
 - Level 2.4 Dodging
 - Level 1.5 Spellcasting
 - Level 5.4 Hexes


You had 9 spell levels left.
You knew the following spells:

 Your Spells              Type           Power      Damage    Failure   Level
a - Slow                  Hex            88%        N/A       1%          1

Your spell library contained the following spells:

 Spells                   Type           Power      Damage    Failure   Level
 Confusing Touch          Hex            22%        N/A       5%          3
 Inner Flame              Hex/Fire       11%        N/A       17%         3
 Portal Projectile        Hex/Tloc       22%        N/A       17%         3
 Sting                    Tmut/Pois      4%         1d3       19%         1
 Cause Fear               Hex            11%        N/A       19%         4
 Lesser Beckoning         Tloc           2%         N/A       26%         2
 Poisonous Vapours        Pois/Air       2%         N/A       26%         2
 Static Discharge         Conj/Air       2%         2-3/arc   26%         2
 Gell's Gravitas          Tloc           1%         N/A       47%         3
 Teleport Other           Tloc           1%         N/A       47%         3
 Vampiric Draining        Necr           1%         2d6       47%         3
 Airstrike                Air            0%         2d(1-17)  87%         4
 Olgreb's Toxic Radiance  Pois           1%         N/A       87%         4
 Summon Lightning Spire   Summ/Air       1%         N/A       87%         4


Dungeon Overview and Level Annotations

Branches:
Dungeon (6/15)              Sewer (visited)
 Temple: D:4-7

Altars:
Cheibriados
Wu Jian

Annotations:
D:6 Dowan, Duvessa


Message History

You are too injured to fight recklessly!
You are too injured to fight recklessly!
You are too injured to fight recklessly!
You are too injured to fight recklessly!
You are too injured to fight recklessly!
You hit the sky beast.
The sky beast is heavily wounded.
The sky beast closely misses you.
You hit the sky beast.
You punch the sky beast, but do no damage.
The sky beast is severely wounded.
The sky beast completely misses you. The sky beast hits you.
The sky beast shocks you.
You hit the sky beast but do no damage.
The sky beast is severely wounded.
The sky beast closely misses you.
You hit the sky beast.
The sky beast is severely wounded.
The sky beast hits you.
* * * LOW HITPOINT WARNING * * *
The sky beast shocks you.
* * * LOW HITPOINT WARNING * * *
You hit the sky beast but do no damage.
The sky beast is severely wounded.
The sky beast completely misses you.
You hit the sky beast.
The sky beast is severely wounded.
The sky beast hits you but does no damage.
You hit the sky beast.
The sky beast is almost dead.
The sky beast hits you.
* * * LOW HITPOINT WARNING * * *
The sky beast shocks you.
* * * LOW HITPOINT WARNING * * *
You hit the sky beast but do no damage.
The sky beast is almost dead.
The sky beast hits you.
* * * LOW HITPOINT WARNING * * *
The sky beast shocks you.
You die...

... z. ..##.####
).....# #....####
#<.....######
#.$..........#
#.............#.#
#.......)...(...#
#.[......@Y......
#................
#..........#####.
.#....../..#
..........
......)...#
.........†.
.........#..


You could see a sky beast.

Vanquished Creatures
  2 sky beasts
  An ice beast (D:5)
  2 ogres
  A phantom (D:5)
  A kobold brigand (Sewer)
  2 scorpions
  4 wights
  2 howler monkeys
  4 hounds (D:5)
  An iron imp (D:4)
  2 iguanas
  Terence (D:2)
  Robin (D:2)
  4 adders
  10 gnolls
  2 river rats (D:3)
  2 ufetubi
  A worm (D:3)
  A dart slug (D:2)
  4 orcs
  12 ball pythons
  8 bats
  9 endoplasms
  4 giant cockroaches
  20 goblins
  8 hobgoblins
  A jackal (D:5)
  16 kobolds
  4 quokkas
  4 frilled lizards
  11 rats
145 creatures vanquished.

Notes
Turn   | Place    | Note
-------+----------+-------------------------------------------
     0 | D:1      | Nattfarinn the Deep Elf Hexslinger began the quest for the
                  | Orb.
     0 | D:1      | Reached XP level 1. HP: 11/11 MP: 5/5
    71 | D:1      | Reached skill level 3 in Ranged Weapons
    83 | D:1      | Reached skill level 1 in Fighting
    90 | D:1      | Reached XP level 2. HP: 12/16 MP: 6/6
   641 | D:1      | Reached XP level 3. HP: 20/20 MP: 7/7
  1212 | D:2      | Reached skill level 4 in Ranged Weapons
  1391 | D:2      | You fall into a shaft and drop 1 floor!
  1402 | D:3      | Found a glowing drain.
  1466 | D:3      | Reached XP level 4. HP: 24/26 MP: 8/8
  1476 | Sewer    | Entered a sewer
  1829 | Sewer    | Noticed a kobold brigand
  1886 | Sewer    | Killed a kobold brigand
  1887 | Sewer    | Reached skill level 5 in Ranged Weapons
  1887 | Sewer    | Reached skill level 5 in Hexes
  1887 | Sewer    | Reached XP level 5. HP: 27/30 MP: 9/9
  2121 | D:2      | Noticed Robin
  2132 | D:2      | Killed Robin
  2718 | D:2      | Noticed Terence
  2723 | D:2      | Killed Terence
  2724 | D:2      | Reached skill level 6 in Ranged Weapons
  3106 | D:3      | HP: 1/31 [gnoll/+0 halberd (7)]
  3349 | D:3      | Reached XP level 6. HP: 36/36 MP: 10/10
  3439 | D:3      | Reached skill level 7 in Ranged Weapons
  4201 | D:4      | Found an ornate altar of the Wu Jian Council.
  4340 | D:4      | Reached skill level 8 in Ranged Weapons
  4484 | D:4      | Found a snail-covered altar of Cheibriados.
  4579 | D:5      | Entered Level 5 of the Dungeon
  4591 | D:4      | Reached XP level 7. HP: 12/40 MP: 11/11
  4888 | D:5      | Reached skill level 9 in Ranged Weapons
  4933 | D:5      | Reached skill level 10 in Ranged Weapons
  5350 | D:5      | Noticed a yak
  5377 | D:5      | Reached skill level 11 in Ranged Weapons
  5536 | D:6      | Noticed Duvessa
  5536 | D:6      | Noticed Dowan
  5604 | D:6      | Reached XP level 8. HP: 30/46 MP: 12/12
  5714 | D:6      | Identified the +7 trident of Righteous Anger {freeze, rElec
                  | rPois rN+}
  6062 | D:6      | Reached skill level 5 in Fighting
  6164 | D:6      | HP: 1/47 [sky beast (3)]
  6164 | D:6      | Slain by a sky beast

Illustrated notes

Levels and vault maps discovered:
D:1:      erik_arrival_orb_chamber, layout_basic, dreamdust_princess_bridge,
          minivault_11, minmay_box_of_dots
D:2:      layout_loops_corners, uniq_robin, uniq_terence
D:3:      cheibrodos_helix_gallery, layout_basic, portal_sewer_entry_c
D:4:      layout_loops_cross, slow_altar_2, nzn_wu_jian_contemplation
D:5:      layout_basic, mainiacjoe_overflow_alcove_4,
          chequers_serial_rivers_micro_d, minmay_ruined_shrine
D:6:      layout_rooms, nicolae_gozag_seed_capital, uniq_duvessa,
          uniq_crazy_yiuf_cottage

Skill      XL: |  1  2  3  4  5  6  7  8 |
---------------+-------------------------+-----
Ranged Weapons | 3 4 5 6 8 11 | 11.0
Fighting       | 1 2 3 5 |  5.0
Hexes          | 5 |  5.4
Dodging        | |  2.4
Spellcasting   | |  1.5

Action                     |  1- 3 |  4- 6 |  7- 9 || total
---------------------------+-------+-------+-------++-------
  Melee: Whip              |       |     4 |   122 ||   126
         Punch             |       |       |     4 ||     4
   Fire: Sling             |   112 |    49 |       ||   161
         Arbalest          |       |   177 |    41 ||   218
   Cast: Slow              |    10 |    17 |     4 ||    31
    Use: Scroll            |       |     9 |     3 ||    12
         Potion            |       |       |     3 ||     3
   Stab: Sleeping          |       |       |     1 ||     1
 Armour: Robe              |     8 |    22 |    20 ||    50
  Dodge: Dodged            |    43 |   102 |    82 ||   227

Table legend: (Time is in decaauts)
 A = Elapsed time spent in this place.
 B = Non-inter-level travel time spent in this place.
 C = Inter-level travel time spent in this place.
 D = Time resting spent in this place.
 E = Time spent auto-exploring this place.
 F = Levels seen in this place.
 G = Mean time per level.
                   A        B        C        D        E       F      G
               +--------+--------+--------+--------+--------+-----+--------+
         Total |   6377 |   5748 |    629 |    992 |   3532 |   7 |  911.0 |
       Dungeon |   5824 |   5195 |    629 |    992 |   3167 |   6 |  970.7 |
         Sewer |    552 |    552 |      0 |      0 |    364 |   1 |  552.0 |
               +--------+--------+--------+--------+--------+-----+--------+

Top non-repeatable levels by time:
     D:1: 1376 daAuts
     D:2: 1295 daAuts
     D:5: 1111 daAuts
     D:4: 1016 daAuts
     D:3: 696 daAuts
   Sewer: 552 daAuts
     D:6: 329 daAuts
